Match 45447226
Unlisted

Match 45447226
End
Kettenkrad Recon Vehicle
Construct Infanterie Kompanie
Selects Mechanized Battlegroup
MG 42 Machine Gun Team
Grenadier Squad
Grenadier Squad
Grenadier Squad
Construct Panzergrenadier Kompanie
Support Elements
Selects Spotting Scopes
251 Medium Carrier
251 Medium Carrier
StuG III G Assault Gun
Selects Wespe Self-propelled Artillery
Wespe Self-propelled Artillery
Panzergrenadier Officer Quarters
Wespe Self-propelled Artillery
Forward Retreat Point
MG 42 Bunker
Marowi
A Sassy Badger
Not Emily Willis™
DarkShadow0o7
Generick
Mystery
0
0

Comments sign in to comment!

No comments posted yet!